 Dungeon Crawl Stone Soup version 0.30-a0-121-gb27577e5d9 (webtiles) character file.

Game seed: 2658094806406639783

1381 ytrimaz the Thaumaturge (level 8, -4/51 (52) HPs)
             Began as a Mummy Necromancer on Sept 13, 2022.
             Was a Believer of Kikubaaqudgha.
             Killed from afar by an orc wizard (10 damage)
             ... with a magic dart
             ... on level 5 of the Dungeon on Sept 14, 2022.
             The game lasted 00:16:28 (7812 turns).

ytrimaz the Thaumaturge (Mummy Necromancer)         Turns: 7812, Time: 00:16:29

HP:   -4/51 (52)    AC:  6    Str: 11    XL:     8   Next: 39%
MP:   1/21          EV: 16    Int: 16    God:    Kikubaaqudgha [**....]
Gold: 297           SH:  0    Dex: 13    Spells: 15/25 levels left

rFire   x . .      SeeInvis .    j - +0 falchion (pain)
rCold   + . .      Faith    +    (no shield)
rNeg    + + +      Spirit   .    a - +1 robe
rPois   ∞          Reflect  .    l - +1 helmet
rElec   .          Harm     .    (no cloak)
rCorr   .          Rampage  .    b - +0 pair of gloves
Will    +....                    (no boots)
Stlth   ++........               (no amulet)
HPRegen 0.17/turn                e - +4 ring of evasion
MPRegen 0.17/turn                (no ring)

@: animating dead, lightly drained
A: cold resistance 1, negative energy resistance 3, torment resistance 2, heat
vulnerability 1, in touch with death 1, no potions, faith
a: Renounce Religion, Unearth Wretches


You were on level 5 of the Dungeon.
You worshipped Kikubaaqudgha.
Kikubaaqudgha was pleased with you.
You visited 2 branches of the dungeon, and saw 7 of its levels.

You collected 297 gold pieces.


Innate Abilities, Weirdness & Mutations

You are immune to poison.
Your flesh is cold resistant. (rC+)
You are immune to negative energy. (rN+++)
You are immune to unholy pain and torment.
You are vulnerable to heat. (rF-)
You are in touch with the powers of death.
You do not drink.
You have a special connection with the divine. (Faith)


   Skills:
 - Level 1.5 Dodging
 - Level 1.5 Stealth
 + Level 9.2 Spellcasting
 + Level 8.4 Necromancy


You had 15 spell levels left.
You knew the following spells:

 Your Spells              Type           Power      Damage    Failure   Level
a - Necrotise             Necr           100%       1d9       1%          1
b - Vampiric Draining     Necr           51%        2d9       1%          3
c - Animate Dead          Necr           51%        N/A       3%          4
d - Cigotuvi's Dreadful   Necr/Pois/Air  48%        N/A       4%          2

Your spell library contained the following spells:

 Spells                   Type           Power      Damage    Failure   Level
 Agony                    Necr           51%        N/A       9%          5
 Sandblast                Erth           14%        2d6       10%         1
 Slow                     Hex            28%        N/A       10%         1
 Passwall                 Tmut/Erth      5%         N/A       16%         2
 Confusing Touch          Hex            7%         N/A       30%         3
 Stone Arrow              Conj/Erth      14%        3d7       30%         3

Inventory:

Hand Weapons
 j - a +0 falchion of pain (weapon)
   (You found it on level 4 of the Dungeon)
Armour
 a - a +1 robe (worn)
 b - a +0 pair of gloves (worn)
   (You found it on level 2 of the Dungeon)
 l - a +1 helmet (worn)
   (You found it on level 5 of the Dungeon)
Jewellery
 e - a +4 ring of evasion (left hand)
   (You found it on level 3 of the Dungeon)
Wands
 k - a wand of roots (5)
   (You took it off Eustachio on level 5 of the Dungeon)
Scrolls
 c - 3 scrolls of enchant armour
 f - 2 scrolls of noise
 h - a scroll of amnesia

Dungeon Overview and Level Annotations

Branches:
Dungeon (6/15) Zot: 26983  Temple (1/1) D:4 Zot: 5710

Altars:
Ashenzari
Gozag
Hepliaklqana
Kikubaaqudgha
Uskayaw
Vehumet
Yredelemnul

Shops:
D:1 !   D:5 *

Annotations:
Temple exclusion: pandemonium lord

............#
..).........#
..........).#
............#
............# #####
............# #§§§#
............# #§§§#
.........§§§####{§§#
.........§§§§§§§@§§#
........)§§§####§§§#
............# #§§§#
#######.##### #§§§#
#..## #§§§# ##..#
#§### ##.## #§#
#..#####§#
##.......#


There were no monsters in sight!


Message History

Casting: Vampiric Draining (safe; 1% risk of failure)
Confirm with . or Enter, or press ? or * to list all spells.
Aiming: Vampiric Draining (safe; 1% risk of failure)
Press: ? - help, Shift-Dir - straight line, f/p - black bear
Aim: a black bear (almost dead, berserk, ally target)
You feel a surge of power!
You draw life force from the black bear.
You feel life coursing into your body. The black bear misses you.
The black bear claws you. x2; Your orc skeleton hits the orc priest.
The orc priest completely misses you.
The orc warrior hits you from afar with a +0 halberd!
* * * LOW HITPOINT WARNING * * *
The black bear bites you.
* * * LOW HITPOINT WARNING * * *
The black bear claws you but does no damage. x2
Unknown command. 😨 HP[-25] MP[-2]
You take 25 damage, and now have 17/47 hp.
MASSIVE DAMAGE!! (PAUSE)
You lost 2 mp, and now have 6/20 mp.
Casting: Vampiric Draining (safe; 1% risk of failure)
Confirm with . or Enter, or press ? or * to list all spells.
Aiming: Vampiric Draining (safe; 1% risk of failure)
Press: ? - help, Shift-Dir - straight line, f/p - black bear
Aim: a black bear (almost dead, berserk, ally target)
You feel a surge of power!
You draw life force from the black bear.
You kill the black bear!
Kikubaaqudgha accepts your kill.
The dead are walking!
The orc priest begins to cast a cantrip, but forgets the words!
The orc warrior closely misses you.
Your orc skeleton barely misses the orc warrior.
Your Spellcasting skill increases to level 9! 😨 HP[+1] MP[-3]
You now have 50 max hp (+3).
You lost 3 mp, and now have 3/21 mp.
Unknown command.
Unknown command.
Unknown command.
Unknown command.
Casting: Vampiric Draining (safe; 1% risk of failure)
Confirm with . or Enter, or press ? or * to list all spells.
Aiming: Vampiric Draining (safe; 1% risk of failure)
Press: ? - help, Shift-Dir - straight line, f - orc priest
Aim: an orc priest, wielding a +0 whip (lightly wounded, ally target)
You feel a surge of power!
You draw life force from the orc priest!
You feel life coursing into your body. The orc warrior misses you.
The orc wizard hits you but does no damage.
The orc priest begins to cast a cantrip, but forgets the words!
Unknown command. 😨 HP[+4] MP[-3]
You regained 4 hp, and now have 22/50 hp.
You lost 3 mp, and now have 0/21 mp.
Unknown command.
Casting: Vampiric Draining (safe; 1% risk of failure)
Confirm with . or Enter, or press ? or * to list all spells.
You don't have enough magic to cast this spell.
Unknown command.
Unknown command.
Your orc skeleton hits the orc warrior but does no damage.
Your black bear zombie bites the orc priest.
The orc priest dies!
Kikubaaqudgha accepts your kill.
The dead are walking!
Your black bear zombie claws your orc priest zombie. x2
The orc wizard hits you but does no damage.
The orc priest invokes the aid of Beogh against you.
Beogh smites you!
* * * LOW HITPOINT WARNING * * *
The orc hits your orc skeleton with a +0 dagger.
The orc warrior completely misses you.
You climb upwards.
Your mindless puppet stays behind to rot.
There is a stone staircase leading down here. 😱 HP[-16]
You now have 51 max hp (+1).
You take 16 damage, and now have 6/51 hp.
MASSIVE DAMAGE!! (PAUSE) Unknown command.
You can't drink.
Unknown command.
The air fills with toxic fumes!
As you read the scroll of poison, it crumbles to dust.
The orc wizard gestures wildly while chanting.
The orc wizard flickers and vanishes!
Deactivating autopickup; reactivate with Ctrl-A. 😱 MP[+1] Unknown command.
You barely miss something. Something hits you.
* * * LOW HITPOINT WARNING * * *
😱 HP[-1]
You take 1 damage, and now have 5/51 hp.
Unknown command.
You hit something.
You hear some strange, mumbled words.
A magic dart appears from out of thin air!
The magic dart hits you!
You die...
Kikubaaqudgha rasps: "You have failed me!
Welcome... oblivion!"

Skill      XL: |  1  2  3  4  5  6  7  8 |
---------------+-------------------------+-----
Spellcasting   | 3 4 5 6 8 9 |  9.2
Necromancy     | 5 6 7 8 |  8.4
Dodging        | |  1.5
Stealth        | |  1.5

Action                   |  1- 3 |  4- 6 |  7- 9 || total
-------------------------+-------+-------+-------++-------
Melee: Unarmed           |    33 |    27 |       ||    60
       Falchion          |       |       |    71 ||    71
       Punch             |       |       |     2 ||     2
 Cast: Necrotise         |    88 |    92 |    47 ||   227
       Vampiric Draining |     4 |    17 |    31 ||    52
       Animate Dead      |       |       |     4 ||     4
       Cigotuvi's Dreadf |       |       |     3 ||     3
Evoke: Wand              |       |       |     5 ||     5
  Use: Scroll            |     8 |     2 |     4 ||    14
 Stab: Distracted        |       |     1 |       ||     1
Armor: Robe              |    11 |    13 |    28 ||    52
Dodge: Dodged            |    38 |    77 |   133 ||   248

Levels and vault maps discovered:
D:1:      onia_arrival_zoo_common, layout_basic, serial_shops,
          nicolae_shop_window_shopping
D:2:      layout_loops_ring, corexii_leaking_fountain, minmay_octomino_j4
D:3:      layout_basic, nicolae_ashenzari_skybound
D:4:      wad_pebble_path, layout_cave_pools, minmay_temple_entry_offerings,
          minmay_increasing_density
D:5:      layout_basic, chequers_temple_overflow_statue_of_worship,
          nicolae_elemental_shop, dreamdust_gnoll_farm, uniq_eustachio
D:6:      minmay_inner_zag, layout_rooms, ebering_ghost_rock_garden,
          uniq_sigmund
Temple:   nicolae_temple_panitentiary

Notes
Turn   | Place    | Note
-------+----------+-------------------------------------------
     0 | D:1      | ytrimaz the Mummy Necromancer began the quest for the Orb.
     0 | D:1      | Reached XP level 1. HP: 13/13 MP: 4/4
     0 | D:1      | magus.rc [v1.9.6]
     6 | D:1      | Noticed a snapping turtle
     6 | D:1      | Noticed a four-headed hydra
     7 | D:1      | Noticed a salamander
     7 | D:1      | Noticed a scorpion
   185 | D:1      | Reached skill level 3 in Spellcasting
   402 | D:1      | Reached XP level 2. HP: 19/19 MP: 3/6
   982 | D:1      | Found Oviapite's Distillery.
  1230 | D:2      | Gained mutation: You are in touch with the powers of death.
                  | [Mummy growth]
  1230 | D:2      | Reached XP level 3. HP: 24/24 MP: 5/8
  1320 | D:2      | Learned a level 3 spell: Vampiric Draining
  1837 | D:2      | Reached skill level 4 in Spellcasting
  2200 | D:3      | You pick up a book of Debilitation and begin reading...
  2200 | D:3      | You add the spells Slow and Confusing Touch to your
                  | library.
  2587 | D:3      | Reached XP level 4. HP: 23/30 MP: 0/10
  2744 | D:3      | Learned a level 4 spell: Animate Dead
  2934 | D:3      | Noticed a scorpion
  2958 | D:3      | HP: 4/30 [scorpion (5)]
  2962 | D:3      | Killed a scorpion
  2963 | D:3      | Reached skill level 5 in Necromancy
  3238 | D:3      | Found a broken altar of Ashenzari.
  3546 | D:3      | Reached XP level 5. HP: 35/35 MP: 10/12
  3552 | D:3      | Reached skill level 5 in Spellcasting
  4106 | D:4      | Found a staircase to the Ecumenical Temple.
  4119 | Temple   | Entered the Ecumenical Temple
  4128 | Temple   | Noticed a Hell Sentinel
  4128 | Temple   | Noticed Tigeffen the pandemonium lord
  4128 | Temple   | Noticed Hucisoxi the pandemonium lord
  4169 | Temple   | Noticed a sun demon
  4226 | Temple   | Noticed Zaikhlao the pandemonium lord
  4226 | Temple   | Noticed a red devil
  4238 | Temple   | Noticed Duge the pandemonium lord
  4239 | Temple   | Noticed a hell beast
  4239 | Temple   | Noticed a chaos spawn
  4280 | Temple   | Noticed a soul eater
  4285 | Temple   | Noticed Hemnu the pandemonium lord
  4300 | Temple   | Noticed a tormentor
  4301 | Temple   | Noticed Xelirupn the pandemonium lord
  4372 | Temple   | Became a worshipper of Kikubaaqudgha
  4411 | D:4      | Reached XP level 6. HP: 41/41 MP: 12/14
  4425 | D:4      | You pick up a book of Geomancy and begin reading...
  4425 | D:4      | You add the spells Sandblast, Passwall and Stone Arrow to
                  | your library.
  4467 | D:4      | Reached skill level 6 in Necromancy
  4526 | D:4      | Reached skill level 6 in Spellcasting
  5110 | D:4      | Reached * piety under Kikubaaqudgha
  5110 | D:4      | Received a gift from Kikubaaqudgha
  5371 | D:4      | Reached XP level 7. HP: 34/46 MP: 3/17
  5540 | D:5      | Entered Level 5 of the Dungeon
  5545 | D:5      | Found Odutwud's Elemental Accessories.
  5551 | D:5      | Reached skill level 7 in Spellcasting
  5729 | D:4      | Learned a level 2 spell: Cigotuvi's Dreadful Rot
  5842 | D:5      | Noticed Eustachio
  5843 | D:5      | Found an opulent altar of Gozag.
  5850 | D:5      | Killed Eustachio
  5851 | D:5      | Reached skill level 7 in Necromancy
  6142 | D:5      | Reached skill level 8 in Spellcasting
  6144 | D:5      | Found a hide-covered altar of Uskayaw.
  6217 | D:5      | Reached XP level 8. HP: 34/52 MP: 3/20
  6352 | D:5      | HP: 12/52 [gnoll/+0 halberd (9)]
  6359 | D:4      | HP: 10/52 [necrophage (1)]
  7041 | D:5      | HP: 9/42 [gnoll/+0 spear (3)]
  7050 | D:5      | Reached ** piety under Kikubaaqudgha
  7084 | D:5      | HP: 9/42 [ice beast (3)]
  7085 | D:5      | HP: 3/42 [ice beast (5)]
  7092 | D:5      | Reached skill level 8 in Necromancy
  7768 | D:5      | magus.rc [v1.9.6]
  7768 | D:5      | magus.rc [v1.9.6]
  7768 | D:5      | Upgraded the game from 0.30-a0-118-ga018f8e90f to
                  | 0.30-a0-121-gb27577e5d9
  7768 | D:5      | magus.rc [v1.9.6]
  7807 | D:6      | Reached skill level 9 in Spellcasting
  7808 | D:6      | HP: 6/50 [orc priest/divine providence (16)]
  7812 | D:5      | Killed from afar by an orc wizard

Vanquished Creatures
  Eustachio (D:5)
  An ice beast (D:5)
  A black bear (D:6)
  An ogre (D:4)
  A necrophage (D:4)
  4 scorpions
  A jelly (D:5)
  An orc priest (D:4)
  4 hounds
  A gnoll bouda (D:4)
  An orc wizard (D:3)
  2 iguanas (D:5)
  13 gnolls
  4 adders
  3 worms
  4 dart slugs
  20 orcs
  7 ball pythons
  5 bats
  4 endoplasms
  6 hobgoblins
  7 jackals
  8 kobolds
  6 quokkas
  A frilled lizard (D:2)
  7 goblins
  6 rats
120 creatures vanquished.

Vanquished Creatures (collateral kills)
  A scorpion (D:5)
  An orc priest (D:6)
  A bat (D:1)
  An endoplasm (Temple)
  A ball python (D:4)
  A frilled lizard (D:1)
6 creatures vanquished.

Vanquished Creatures (others)
  A hound zombie (D:5)
  4 orc zombies (D:5)
  5 fungi (D:5)
10 creatures vanquished.

Grand Total: 136 creatures vanquished

Table legend:
 A = Non-vault XP
 B = Vault XP
 C = Vault XP percentage of total XP
 D = Non-vault monster count
 E = Vault monster count
 F = Vault count percentage of total count
                 A         B        C        D         E       F
            +---------+---------+-------+---------+---------+-------
      Total |    1412 |     562 |  28.5 |     105 |      21 |  16.7
            +---------+---------+-------+---------+---------+-------
        D:1 |      39 |       0 |   0.0 |      21 |       0 |   0.0
        D:2 |      21 |      11 |  34.4 |      13 |       5 |  27.8
        D:3 |     168 |       0 |   0.0 |      19 |       0 |   0.0
        D:4 |     331 |     240 |  42.0 |      27 |      10 |  27.0
        D:5 |     583 |     311 |  34.8 |      19 |       6 |  24.0
        D:6 |     175 |       0 |   0.0 |       3 |       0 |   0.0
     Temple |      95 |       0 |   0.0 |       3 |       0 |   0.0
            +---------+---------+-------+---------+---------+-------

Illustrated notes

Table legend:
 A = Kills in this place as a percentage of kills in entire the game.
 B = Kills by you in this place as a percentage of kills by you in the entire game.
 C = Kills by friends in this place as a percentage of kills by friends in the entire game.
 D = Other kills in this place as a percentage of other kills in the entire game.
 E = Experience gained in this place as a percentage of experience gained in the entire game.
 F = Experience gained in this place divided by the number of levels of this place that you have seen.
                   A       B       C       D       E      F
               +-------+-------+-------+-------+-------+----------------------
         Total | 100.0 | 100.0 | 100.0 |   N/A | 100.0 | 282.0
       Dungeon |  97.6 |  98.3 |  83.3 |   N/A |  95.2 | 313.2
        Temple |   2.4 |   1.7 |  16.7 |   N/A |   4.8 |  95.0
               +-------+-------+-------+-------+-------+----------------------

Table legend: (Time is in decaauts)
 A = Elapsed time spent in this place.
 B = Non-inter-level travel time spent in this place.
 C = Inter-level travel time spent in this place.
 D = Time resting spent in this place.
 E = Time spent auto-exploring this place.
 F = Levels seen in this place.
 G = Mean time per level.
                   A        B        C        D        E       F      G
               +--------+--------+--------+--------+--------+-----+--------+
         Total |   7837 |   7643 |    194 |   1040 |   5193 |   7 | 1119.6 |
       Dungeon |   7548 |   7357 |    191 |   1040 |   5005 |   6 | 1258.0 |
        Temple |    289 |    286 |      3 |      0 |    188 |   1 |  289.0 |
               +--------+--------+--------+--------+--------+-----+--------+

Top non-repeatable levels by time:
     D:3: 2007 daAuts
     D:4: 1889 daAuts
     D:5: 1534 daAuts
     D:1: 1221 daAuts
     D:2: 883 daAuts
  Temple: 289 daAuts
     D:6: 11 daAuts
